 Dungeon Crawl Stone Soup version 0.31-a0-1539-g569d6c7dce (webtiles) character file.

Game seed: 8737914715118399231

1383 Flugslaktarn the Fighter (level 8, 75/75 HPs)
             Began as a Minotaur Fighter on Jan 1, 2024.
             Quit the game on level 5 of the Dungeon.
             The game lasted 00:01:54 (4603 turns).

Flugslaktarn the Fighter (Minotaur Fighter)         Turns: 4603, Time: 00:01:55

Health: 75/75      AC: 12    Str: 22    XL:     8   Next: 40%
Magic:  7/7        EV:  6    Int:  5    God:
Gold:   274        SH:  4    Dex: 11    Spells: 7/7 levels left

rFire   . . .        a - +0 war axe
rCold   . . .        c - +0 buckler
rNeg    . . .        u - +0 plate armour
rPois   .            (helmet restricted)
rElec   .            (no cloak)
rCorr   .            (no gloves)
SInv    .            (no boots)
Will    .....        r - amulet of guardian spirit Stlth
                     (no ring)
HPRegen 0.32/turn    (no ring)
MPRegen 0.10/turn

%: guardian spirit
@: no status effects
A: horns 2, retaliatory headbutt
a: no special abilities


You were on level 5 of the Dungeon.
You visited 1 branch of the dungeon, and saw 5 of its levels.

You collected 274 gold pieces.

Inventory:

Hand Weapons
 a - a +0 war axe (weapon)
Armour
 b - a +0 scale mail
 c - a +0 buckler (worn)
 e - a +0 chain mail
   (You found it on level 1 of the Dungeon)
 u - a +0 plate armour (worn)
   (You took it off an orc warrior on level 5 of the Dungeon)
Jewellery
 n - a ring of ice
   (You found it on level 3 of the Dungeon)
 r - an amulet of guardian spirit (around neck)
   (You found it on level 3 of the Dungeon)
Wands
 g - a wand of digging (1)
   (You found it on level 3 of the Dungeon)
Scrolls
 f - 4 scrolls of immolation {unknown}
 h - 2 scrolls of amnesia {unknown}
 j - a scroll of blinking {unknown}
 k - 2 scrolls of identify {unknown}
 o - a scroll of noise {unknown}
 q - a scroll of teleportation {unknown}
 t - 2 scrolls of revelation {unknown}
Potions
 d - 2 potions of might
 i - a potion of magic {unknown}
 l - a potion of heal wounds {unknown}
 m - 2 potions of cancellation {unknown}
 p - 3 potions of brilliance {unknown}
 s - a potion of attraction {unknown}


   Skills:
 * Level 8.7 Fighting
 * Level 8.2 Axes
 + Level 6.5 Armour
 - Level 3.6 Shields


You had 7 spell levels left.
You didn't know any spells.
Your spell library contained the following spells:

 Spells                   Type           Power      Damage    Failure   Level
 Freeze                   Ice            0%         1d3       100%        1
 Summon Small Mammal      Summ           0%         N/A       100%        1
 Call Canine Familiar     Summ           0%         N/A       100%        3
 Frozen Ramparts          Ice            0%         1d1       100%        3
 Hailstorm                Conj/Ice       0%         3d5       100%        3
 Tukima's Dance           Hex            0%         N/A       100%        3
 Passage of Golubria      Tloc           0%         N/A       100%        4
 Summon Blazeheart Golem  Fire/Summ      0%         N/A       100%        4
 Yara's Violent Unravell  Hex/Alch       0%         3d3       100%        5
 Malign Gateway           Summ/Tloc      0%         N/A       100%        7
 Summon Horrible Things   Summ           0%         N/A       100%        8


Dungeon Overview and Level Annotations

Branches:
Dungeon (5/15)
 Temple: D:4-7

Altars:
Fedhas
Ru
The Shining One

Annotations:
D:3 3 runed translucent doors, BigAl98's ghost, amateur FoHu


Innate Abilities, Weirdness & Mutations

You have a pair of horns on your head.
You reflexively headbutt those who attack you in melee.


Message History

HP restored.
Found an escape hatch in the ceiling.
Found an escape hatch in the floor.
t - 2 scrolls labelled RYUNO VOVUUCUQ (gained 1)
Found a blade talisman.
You now have 274 gold pieces (gained 14).
Found a sacrificial altar of Ru.
An iguana comes into view.
The iguana hisses angrily.
The iguana hisses menacingly.
The iguana bites you but does no damage.
You hit the iguana. You headbutt the iguana!
The iguana is severely wounded.
The iguana bites you!
You hit the iguana. Your headbutt misses the iguana.
The iguana is almost dead.
You block the iguana's attack.
You barely miss the iguana. You headbutt the iguana.
You kill the iguana!
No target in view!
No target in view!
No target in view!
You see here an iguana corpse.
Found a stone staircase leading up.
No target in view!
A howler monkey comes into view.
The howler monkey howls!
A howler monkey is nearby!
A howler monkey is nearby!
The howler monkey hoots and howls with incredible vigour!
The howler monkey barely misses you.
You slice the howler monkey!!
You kill the howler monkey!
No target in view!
No target in view!
No target in view!
No target in view!
Found a stone staircase leading down.
No target in view!
Found a stone staircase leading up.
No target in view!
There is a stone staircase leading up here.
Found a whip.
Found a dagger.
No target in view!
No target in view!
No target in view!
No target in view!
No target in view!
You see here a +0 whip.
A white imp comes into view.
Found a ring mail and 2 stones.
The white imp shouts!
A white imp is nearby!
A white imp is nearby!
A white imp is nearby!
The white imp hits you but does no damage.
You hit the white imp but do no damage.
The white imp hits you but does no damage. x2
You closely miss the white imp. The white imp hits you.
The white imp freezes you.
You closely miss the white imp.
The white imp hits you but does no damage.
You barely miss the white imp. You headbutt the white imp.
The white imp is severely wounded.
The white imp hits you but does no damage.
You closely miss the white imp. You headbutt the white imp.
You kill the white imp!
A crimson imp comes into view.
Found 12 gold pieces and a runed dagger.
The crimson imp shouts!
The crimson imp blinks!
A crimson imp is nearby!
You closely miss the crimson imp.
The crimson imp hits you but does no damage.
A crimson imp is nearby!
You slash the crimson imp!
The crimson imp is almost dead.
The crimson imp hits you but does no damage.
You hit the crimson imp. Your headbutt misses the crimson imp.
The crimson imp is almost dead.
The crimson imp hits you but does no damage.
You barely miss the crimson imp.
The crimson imp is almost dead.
The crimson imp hits you but does no damage.
You closely miss the crimson imp.
The crimson imp is severely wounded.
The crimson imp hits you but does no damage.
The crimson imp blinks!
You barely miss the crimson imp. Your headbutt misses the crimson imp.
The crimson imp is moderately wounded.
The crimson imp hits you but does no damage.
You closely miss the crimson imp. Your headbutt misses the crimson imp.
The crimson imp is moderately wounded.
The crimson imp blinks!
No target in view!
No target in view!
Welcome back, Flugslaktarn the Minotaur Fighter.
Press ? for a list of commands and other information.
Are you sure you want to abandon this character and quit the game? (Confirm with "yes".)

#.#..≈..#.# #.#.≈≈≈.#.#
#.#.≈≈≈.#.## #.#.≈≈≈.#..#
#.#..≈§.#..# ##.##...##..###
###...#...#.....###
#.....##.##.......###
###....#@#..........## ##
#.......§...........###.
#..........#.[......##..
###.........##..........
#...#.#...##...##...>.
#####..##.##..#...........
#...#..#...#..#...#.......
###...[.##...##.......##....
##.#.....#..≈..#...##........


There were no monsters in sight!

Vanquished Creatures
  Pikel (D:4)
  Duvessa (D:4)
  An orc warrior (D:5)
  A black bear (D:5)
  A lemure (D:4)
  A bullfrog (D:5)
  A scorpion (D:5)
  Dowan (D:4)
  A howler monkey (D:5)
  A hound (D:4)
  A bombardier beetle (D:3)
  2 sleepcaps
  An iguana (D:5)
  4 orc wizards
  4 gnolls (D:2)
  7 adders
  2 white imps
  2 ribbon worms
  6 orcs
  7 endoplasms
  3 giant cockroaches
  11 goblins
  5 hobgoblins
  2 jackals (D:2)
  4 quokkas
  6 ball pythons
  7 bats
  A frilled lizard (D:3)
  9 kobolds
  6 rats
100 creatures vanquished.

Notes
Turn   | Place    | Note
-------+----------+-------------------------------------------
     0 | D:1      | Flugslaktarn the Minotaur Fighter began the quest for the
                  | Orb.
     0 | D:1      | Reached XP level 1. HP: 19/19 MP: 0/0
   784 | D:2      | Reached XP level 2. HP: 27/27 MP: 1/1
   925 | D:2      | Reached XP level 3. HP: 34/34 MP: 2/2
  1153 | D:2      | Reached XP level 4. HP: 24/41 MP: 3/3
  1523 | D:3      | Found a runed translucent gate.
  1523 | D:3      | Found a runed translucent gate.
  1523 | D:3      | Found a runed translucent gate.
  1524 | D:3      | Noticed BigAl98's ghost (amateur FoHu)
  1525 | D:3      | Noticed a kobold brigand
  1612 | D:3      | Reached skill level 5 in Fighting
  1683 | D:3      | Reached XP level 5. HP: 48/48 MP: 4/4
  1949 | D:3      | Found a faded altar of an unknown god.
  2769 | D:4      | Reached skill level 5 in Axes
  2779 | D:4      | Reached XP level 6. HP: 36/57 MP: 2/5
  3061 | D:4      | Noticed Pikel
  3075 | D:4      | Killed Pikel
  3076 | D:4      | Reached skill level 5 in Armour
  3076 | D:4      | Reached XP level 7. HP: 23/66 MP: 1/6
  3418 | D:4      | Noticed Duvessa
  3420 | D:4      | Noticed Dowan
  3427 | D:4      | Killed Duvessa
  3440 | D:4      | Killed Dowan
  3719 | D:4      | Found a glowing golden altar of the Shining One.
  3749 | D:5      | Entered Level 5 of the Dungeon
  3755 | D:5      | Reached XP level 8. HP: 68/74 MP: 5/7
  3877 | D:5      | Found a blossoming altar of Fedhas.
  4297 | D:5      | Found a sacrificial altar of Ru.
  4603 | D:5      | Quit the game

Illustrated notes

Levels and vault maps discovered:
D:1:      nzn_arrival_depleted_hourglass, layout_basic, minmay_misc_feat_columns
D:2:      layout_basic, minmay_heptomino_d4
D:3:      minmay_thinvault, layout_loops_corners, gammafunk_ghost_nasty_kobolds,
          hellmonk_ecumenical_altar_slurped_away, serial_forest,
          infiniplex_forest_lined_1, infiniplex_forest_clump_small,
          infiniplex_forest_end_1, infiniplex_forest_clump_tiny,
          infiniplex_forest_clump_cross
D:4:      layout_loops_corners, tso_altar, nicolae_the_louvre, uniq_duvessa,
          uniq_pikel
D:5:      layout_cave_pools, nicolae_ru_awakened_eye,
          mainiacjoe_overflow_concentric_impassable, minmay_fire_ice_demons

Skill      XL: |  1  2  3  4  5  6  7  8 |
---------------+-------------------------+-----
Fighting       | 4 5 7 8 |  8.7
Axes           | 3 4 5 6 7 8 |  8.2
Armour         | 4 5 6 |  6.5
Shields        | |  3.6

Action                     |  1- 3 |  4- 6 |  7- 9 || total
---------------------------+-------+-------+-------++-------
  Melee: War axe           |    69 |   133 |    66 ||   268
         Headbutt          |    13 |    16 |    14 ||    43
 Armour: Chain mail        |    67 |    88 |    59 ||   214
         Plate armour      |       |       |    14 ||    14
  Dodge: Dodged            |    27 |    38 |    19 ||    84
  Block: Buckler           |    19 |    21 |    12 ||    52

Table legend: (Time is in decaauts)
 A = Elapsed time spent in this place.
 B = Non-inter-level travel time spent in this place.
 C = Inter-level travel time spent in this place.
 D = Time resting spent in this place.
 E = Time spent auto-exploring this place.
 F = Levels seen in this place.
 G = Mean time per level.
                   A        B        C        D        E       F      G
               +--------+--------+--------+--------+--------+-----+--------+
         Total |   4677 |   4599 |     78 |    216 |   3689 |   5 |  935.4 |
       Dungeon |   4677 |   4599 |     78 |    216 |   3689 |   5 |  935.4 |
               +--------+--------+--------+--------+--------+-----+--------+

Top non-repeatable levels by time:
     D:3: 1243 daAuts
     D:4: 1146 daAuts
     D:2: 869 daAuts
     D:5: 860 daAuts
     D:1: 557 daAuts
